TOP OF THE 1ST |
Phoenix Hotspur Reserves batting - Pitching for Milton Dogfish Head : RHP Manny Pérez
|
Pitching: RHP Manny Pérez
|
|
Batting: SHB Roberto López
|
0-0: Ball 1-0: Ball 2-0: Ball 3-0: Called Strike 3-1: Called Strike 3-2: Base on Balls
|
Batting: RHB Rubén Andrada
|
0-0: Fly out, F9 (Flyball, 9LSF)
|
Batting: RHB Julián De Paz
|
0-0: Called Strike 0-1: Swinging Strike 0-2: Strikes out swinging
|
Batting: LHB Harumi Takaki
|
0-0: Called Strike 0-1: Swinging Strike 0-2: Ball 1-2: Ball 2-2: Ball 3-2: Base on Balls Roberto López to second
|
Batting: RHB Jesús Mejía
|
0-0: Called Strike 0-1: Ball 1-1: Ball 2-1: Fielders Choice at 2nd, U4 (Groundball, 4M)
|
Top of the 1st over - 0 runs, 0 hits, 0 errors, 2 left on base; Phoenix 0 - Milton 0 |
BOTTOM OF THE 1ST |
Milton Dogfish Head batting - Pitching for Phoenix Hotspur Reserves : RHP John Ball
|
Pitching: RHP John Ball
|
|
Batting: RHB Moisés Quintana
|
0-0: Called Strike 0-1: DOUBLE (Line Drive, 7LD)
|
Batting: RHB Miguel Montoya
|
0-0: Ball 1-0: Ball 2-0: Swinging Strike 2-1: Single, Error in OF, E7, batter to second base Moisés Quintana scores
|
Batting: RHB José Correa
|
0-0: Ball 1-0: Ball 2-0: Ball 3-0: Called Strike 3-1: Base on Balls
|
Batting: RHB Bryce Bancroft
|
0-0: Ground out 6-3 (Groundball, 6S) Miguel Montoya to third José Correa to second
|
Batting: LHB Edward Woodstock
|
0-0: Ball 1-0: Ball 2-0: Called Strike 2-1: Foul Ball, location: 2F 2-2: Foul Ball, location: 2F 2-2: Ground out 1-3 (Groundball, 13S)
|
Batting: LHB Floyd Long
|
0-0: Called Strike 0-1: Ball 1-1: Swinging Strike 1-2: Strikes out swinging
|
Bottom of the 1st over - 1 run, 2 hits, 1 error, 2 left on base; Phoenix 0 - Milton 1 |
TOP OF THE 2ND |
Phoenix Hotspur Reserves batting - Pitching for Milton Dogfish Head : RHP Manny Pérez
|
Batting: RHB Bob Curry
|
0-0: Swinging Strike 0-1: Foul Ball, location: 2F 0-2: Ball 1-2: Strikes out swinging
|
Batting: RHB Júlio Mateo
|
0-0: SINGLE (Line Drive, 6D)
|
Batting: LHB Richard Alpert
|
0-0: Ball 1-0: Ball 2-0: Ball 3-0: Base on Balls Júlio Mateo to second
|
Batting: LHB Derek Blair
|
0-0: Ball 1-0: Ball 2-0: Swinging Strike 2-1: Foul Ball, location: 2F 2-2: Ball 3-2: Base on Balls Júlio Mateo to third Richard Alpert to second
|
Batting: SHB Roberto López
|
0-0: Ball 1-0: Grounds into fielders choice 1-2 (Groundball, 13) Richard Alpert to third Derek Blair to second
|
Batting: RHB Rubén Andrada
|
0-0: Called Strike 0-1: Foul Ball, location: 2F 0-2: Ball 1-2: Ball 2-2: Ball 3-2: Foul Ball, location: 2F 3-2: Base on Balls Richard Alpert scores Derek Blair to third Roberto López to second
|
Batting: RHB Julián De Paz
|
0-0: Ball 1-0: Ball 2-0: Called Strike 2-1: Foul Ball, location: 2F 2-2: Ball 3-2: Base on Balls Derek Blair scores Roberto López to third Rubén Andrada to second
|
Batting: LHB Harumi Takaki
|
0-0: Called Strike 0-1: Swinging Strike 0-2: Foul Ball, location: 2F 0-2: Foul Ball, location: 2F 0-2: Ball 1-2: Ball 2-2: Strikes out swinging
|
Top of the 2nd over - 2 runs, 1 hit, 0 errors, 3 left on base; Phoenix 2 - Milton 1 |
BOTTOM OF THE 2ND |
Milton Dogfish Head batting - Pitching for Phoenix Hotspur Reserves : RHP John Ball
|
Batting: RHB David Sánchez
|
0-0: Ball 1-0: SINGLE (Groundball, 15S) (infield hit)
|
Batting: LHB Luis Vicenteno
|
0-0: Swinging Strike 0-1: Ball Wild Pitch! David Sánchez to second 1-1: Called Strike 1-2: Fly out, F7 (Flyball, 78M)
|
Batting: SHB Javier Luna
|
0-0: SINGLE (Groundball, 34D) David Sánchez to third
|
Batting: RHB Moisés Quintana
|
0-0: Called Strike 0-1: SINGLE (Line Drive, 34D) David Sánchez scores Javier Luna to second
|
Batting: RHB Miguel Montoya
|
0-0: Ball 1-0: Ball 2-0: Foul Ball, location: 2F 2-1: Called Strike 2-2: Foul Ball, location: 2F 2-2: Strikes out swinging
|
Batting: RHB José Correa
|
0-0: Ball 1-0: Called Strike 1-1: Called Strike 1-2: Foul Ball, location: 2F 1-2: Strikes out swinging
|
Bottom of the 2nd over - 1 run, 3 hits, 0 errors, 2 left on base; Phoenix 2 - Milton 2 |
TOP OF THE 3RD |
Phoenix Hotspur Reserves batting - Pitching for Milton Dogfish Head : RHP Manny Pérez
|
Batting: RHB Jesús Mejía
|
0-0: Foul Ball, location: 2F 0-1: Ball 1-1: SINGLE (Line Drive, 6MD)
|
Batting: RHB Bob Curry
|
0-0: Swinging Strike 0-1: Foul Ball, location: 2F 0-2: Strikes out swinging
|
Batting: RHB Júlio Mateo
|
0-0: Ball 1-0: Ball 2-0: Ball 3-0: Base on Balls Jesús Mejía to second
|
Batting: LHB Richard Alpert
|
0-0: Swinging Strike 0-1: Foul Ball, location: 2F 0-2: Ball 1-2: Strikes out swinging
|
Batting: LHB Derek Blair
|
0-0: Ball 1-0: Ground out 1-3 (Groundball, 13S)
|
Top of the 3rd over - 0 runs, 1 hit, 0 errors, 2 left on base; Phoenix 2 - Milton 2 |
BOTTOM OF THE 3RD |
Milton Dogfish Head batting - Pitching for Phoenix Hotspur Reserves : RHP John Ball
|
Batting: RHB Bryce Bancroft
|
0-0: Called Strike 0-1: Ball 1-1: Foul Ball, location: 2F 1-2: Ball 2-2: Foul Ball, location: 2F 2-2: Fly out, F5 (Line Drive, 56)
|
Batting: LHB Edward Woodstock
|
0-0: Foul Ball, location: 2F 0-1: Ball 1-1: Swinging Strike 1-2: Ball 2-2: Foul Ball, location: 2F 2-2: Strikes out swinging
|
Batting: LHB Floyd Long
|
0-0: Ball 1-0: Foul Ball, location: 2F 1-1: Ball 2-1: Ball 3-1: Swinging Strike 3-2: Fly out, F8 (Flyball, 78D)
|
Bottom of the 3rd over - 0 runs, 0 hits, 0 errors, 0 left on base; Phoenix 2 - Milton 2 |
TOP OF THE 4TH |
Phoenix Hotspur Reserves batting - Pitching for Milton Dogfish Head : RHP Manny Pérez
|
Batting: SHB Roberto López
|
0-0: Ball 1-0: Ball 2-0: Ball 3-0: Base on Balls
|
Batting: RHB Rubén Andrada
|
0-0: Called Strike 0-1: Foul Ball, location: 2F 0-2: Ball 1-2: Ball 2-2: Ball 3-2: Grounds into double play, 6-4-3 (Groundball, 6)
|
Batting: RHB Julián De Paz
|
0-0: Called Strike 0-1: Foul Ball, location: 2F 0-2: Foul Ball, location: 2F 0-2: Ball 1-2: Strikes out swinging
|
Top of the 4th over - 0 runs, 0 hits, 0 errors, 0 left on base; Phoenix 2 - Milton 2 |
BOTTOM OF THE 4TH |
Milton Dogfish Head batting - Pitching for Phoenix Hotspur Reserves : RHP John Ball
|
Batting: RHB David Sánchez
|
0-0: Foul Ball, location: 2F 0-1: Ground out 6-3 (Groundball, 6)
|
Batting: LHB Luis Vicenteno
|
0-0: Foul Ball, location: 2F 0-1: Ball 1-1: Foul Ball, location: 2F 1-2: Ball 2-2: Strikes out swinging
|
Batting: SHB Javier Luna
|
0-0: Swinging Strike 0-1: Ball 1-1: Called Strike 1-2: SINGLE (Groundball, 6MD)
|
Batting: RHB Moisés Quintana
|
0-0: Called Strike 0-1: Ball 1-1: Swinging Strike 1-2: Ball 2-2: Foul Ball, location: 2F 2-2: Ball 3-2: Base on Balls Javier Luna to second
|
Batting: RHB Miguel Montoya
|
0-0: Ball 1-0: Foul Ball, location: 2F 1-1: SINGLE (Groundball, 56D) Javier Luna to third Moisés Quintana to second Runner from 3rd tries for Home, SAFE, no throw
|
Batting: RHB José Correa
|
0-0: Ball 1-0: Foul Ball, location: 2F 1-1: Called Strike 1-2: Hit by Pitch Moisés Quintana to third Miguel Montoya to second
|
Batting: RHB Bryce Bancroft
|
0-0: Called Strike 0-1: Ball 1-1: Swinging Strike 1-2: Ground out 4-3 (Groundball, 4)
|
Bottom of the 4th over - 1 run, 2 hits, 0 errors, 3 left on base; Phoenix 2 - Milton 3 |
TOP OF THE 5TH |
Phoenix Hotspur Reserves batting - Pitching for Milton Dogfish Head : RHP Manny Pérez
|
Batting: LHB Harumi Takaki
|
0-0: Called Strike 0-1: Called Strike 0-2: SINGLE (Groundball, 34D)
|
Batting: RHB Jesús Mejía
|
0-0: Called Strike 0-1: Ball 1-1: Grounds into double play, 4-6-3 (Groundball, 4)
|
Batting: RHB Bob Curry
|
0-0: Called Strike 0-1: Foul Ball, location: 2F 0-2: Ball 1-2: Strikes out looking
|
Top of the 5th over - 0 runs, 1 hit, 0 errors, 0 left on base; Phoenix 2 - Milton 3 |
BOTTOM OF THE 5TH |
Milton Dogfish Head batting - Pitching for Phoenix Hotspur Reserves : RHP John Ball
|
Batting: LHB Edward Woodstock
|
0-0: Ball 1-0: Ball 2-0: Called Strike 2-1: Ball 3-1: Base on Balls
|
Batting: LHB Floyd Long
|
0-0: Ball 1-0: Bunted foul 1-1: Ball 2-1: Bunted foul 2-2: Ball 3-2: DOUBLE (Line Drive, 9LD) Edward Woodstock to third Edward Woodstock scores
|
Batting: RHB David Sánchez
|
0-0: Ball 1-0: Foul Ball, location: 2F 1-1: Ball 2-1: Foul Ball, location: 2F 2-2: Ball 3-2: Base on Balls
|
Batting: LHB Luis Vicenteno
|
0-0: Bunt missed! 0-1: Ball 1-1: Bunted foul 1-2: Ball 2-2: Fielders Choice at 2nd, 4-6 (Groundball, 34D) Floyd Long to third
|
Pitching: RHP Richard Carlson
|
|
Batting: SHB Javier Luna
|
0-0: Ball Throwing error on steal attempt, E2 Floyd Long scores Luis Vicenteno to third 1-0: Ground out U3 (Groundball, 3L)
|
Batting: RHB Moisés Quintana
|
0-0: Ball 1-0: Ball 2-0: Ball 3-0: Base on Balls
|
Batting: RHB Miguel Montoya
|
0-0: Ball 1-0: Ground out 6-3 (Groundball, 6S)
|
Bottom of the 5th over - 2 runs, 1 hit, 1 error, 2 left on base; Phoenix 2 - Milton 5 |
TOP OF THE 6TH |
Phoenix Hotspur Reserves batting - Pitching for Milton Dogfish Head : RHP Manny Pérez
|
Batting: RHB Júlio Mateo
|
0-0: Ground out 5-3 (Groundball, 56S)
|
Batting: LHB Richard Alpert
|
0-0: Ball 1-0: Swinging Strike 1-1: Called Strike 1-2: Foul Ball, location: 2F 1-2: Ball 2-2: Ground out 4-3 (Groundball, 4)
|
Batting: LHB Derek Blair
|
0-0: Ball 1-0: Ball 2-0: Called Strike 2-1: Ball 3-1: Foul Ball, location: 2F 3-2: Foul Ball, location: 2F 3-2: Strikes out swinging
|
Top of the 6th over - 0 runs, 0 hits, 0 errors, 0 left on base; Phoenix 2 - Milton 5 |
BOTTOM OF THE 6TH |
Milton Dogfish Head batting - Pitching for Phoenix Hotspur Reserves : RHP Richard Carlson
|
Batting: RHB José Correa
|
0-0: Ball 1-0: Called Strike 1-1: Called Strike 1-2: Foul Ball, location: 2F 1-2: Foul Ball, location: 2F 1-2: Foul Ball, location: 2F 1-2: Ground out 6-3 (Groundball, 6)
|
Batting: RHB Bryce Bancroft
|
0-0: DOUBLE (Line Drive, 89M)
|
Batting: LHB Edward Woodstock
|
0-0: Ball 1-0: Ball 2-0: Called Strike 2-1: Ball 3-1: Foul Ball, location: 2F 3-2: Base on Balls
|
Batting: LHB Floyd Long
|
0-0: Ball 1-0: Ball 2-0: Ball 3-0: Base on Balls Bryce Bancroft to third Edward Woodstock to second
|
Batting: RHB David Sánchez
|
0-0: Called Strike 0-1: Ball 1-1: SINGLE (Flyball, 7LS) Bryce Bancroft scores Edward Woodstock to third Floyd Long to second
|
Batting: LHB Luis Vicenteno
|
0-0: Foul Ball, location: 2F 0-1: Ball 1-1: Ball Wild Pitch! Edward Woodstock scores Floyd Long to third David Sánchez to second 2-1: Ball 3-1: Foul Ball, location: 2F 3-2: Base on Balls
|
Batting: SHB Javier Luna
|
0-0: Ball 1-0: Foul Ball, location: 2F 1-1: Ball 2-1: Foul Ball, location: 2F 2-2: Foul Ball, location: 2F 2-2: Strikes out swinging
|
Pitching: RHP Dylan Guérin
|
|
Batting: RHB Moisés Quintana
|
0-0: Called Strike 0-1: Foul Ball, location: 2F 0-2: Foul Ball, location: 2F 0-2: Ball 1-2: Ball 2-2: Foul Ball, location: 2F 2-2: Fly out, F6 (Popup, 6MS)
|
Bottom of the 6th over - 2 runs, 2 hits, 0 errors, 3 left on base; Phoenix 2 - Milton 7 |
TOP OF THE 7TH |
Phoenix Hotspur Reserves batting - Pitching for Milton Dogfish Head : RHP Manny Pérez
|
Pitching: RHP Bobby Irvine
|
|
Batting: SHB Roberto López
|
0-0: Called Strike 0-1: Ball 1-1: Fly out, F9 (Flyball, 9)
|
Batting: RHB Rubén Andrada
|
0-0: SINGLE (Line Drive, 56)
|
Batting: RHB Julián De Paz
|
0-0: Ball 1-0: Fly out, F6 (Line Drive, 6)
|
Batting: LHB Harumi Takaki
|
0-0: Called Strike 0-1: Foul Ball, location: 2F 0-2: Foul Ball, location: 2F 0-2: Ball 1-2: SINGLE (Line Drive, 9LS) Rubén Andrada to second
|
Batting: RHB Jesús Mejía
|
0-0: Ball 1-0: Called Strike 1-1: Called Strike 1-2: Foul Ball, location: 2F 1-2: Foul Ball, location: 2F 1-2: Fly out, F3 (Popup, 3S)
|
Top of the 7th over - 0 runs, 2 hits, 0 errors, 2 left on base; Phoenix 2 - Milton 7 |
BOTTOM OF THE 7TH |
Milton Dogfish Head batting - Pitching for Phoenix Hotspur Reserves : RHP Dylan Guérin
|
Batting: RHB Miguel Montoya
|
0-0: Foul Ball, location: 2F 0-1: Ground out 6-3 (Groundball, 6S)
|
Batting: RHB José Correa
|
0-0: Called Strike 0-1: Ball 1-1: Ball 2-1: Swinging Strike 2-2: Strikes out looking
|
Batting: RHB Bryce Bancroft
|
0-0: SINGLE (Line Drive, 4D)
|
Batting: LHB Edward Woodstock
|
0-0: Ball 1-0: Foul Ball, location: 2F 1-1: Ball 2-1: Ball 3-1: Base on Balls Bryce Bancroft to second
|
Batting: LHB Floyd Long
|
0-0: Ball 1-0: Ball 2-0: SINGLE (Line Drive, 4MD) Bryce Bancroft to third Edward Woodstock to second
|
Batting: RHB David Sánchez
|
0-0: Called Strike 0-1: Ball 1-1: Ball 2-1: Ball 3-1: Base on Balls Bryce Bancroft scores Edward Woodstock to third Floyd Long to second
|
Batting: LHB Luis Vicenteno
|
0-0: SINGLE (Line Drive, 4MD) Edward Woodstock scores Floyd Long to third David Sánchez to second Runner from 3rd tries for Home, SAFE, no throw
|
Batting: SHB Javier Luna
|
0-0: Called Strike 0-1: 3-RUN HOME RUN (Line Drive, 9D), Distance : 363 ft
|
Pitching: LHP Raúl Gonzáles
|
|
Batting: RHB Moisés Quintana
|
0-0: Ball 1-0: Ball 2-0: Ball 3-0: Called Strike 3-1: DOUBLE (Flyball, 8RXD)
|
Batting: RHB Miguel Montoya
|
0-0: Ball 1-0: Called Strike 1-1: Swinging Strike 1-2: Ball 2-2: Ball 3-2: Ground out 6-3 (Groundball, 6)
|
Bottom of the 7th over - 6 runs, 5 hits, 0 errors, 1 left on base; Phoenix 2 - Milton 13 |
TOP OF THE 8TH |
Phoenix Hotspur Reserves batting - Pitching for Milton Dogfish Head : RHP Bobby Irvine
|
Batting: RHB Bob Curry
|
0-0: Ball 1-0: Foul Ball, location: 2F 1-1: Called Strike 1-2: Ball 2-2: Ball 3-2: Foul Ball, location: 2F 3-2: Strikes out swinging
|
Batting: RHB Júlio Mateo
|
0-0: Swinging Strike 0-1: SOLO HOME RUN (Flyball, 9LD), Distance : 357 ft
|
Batting: LHB Richard Alpert
|
0-0: Foul Ball, location: 2F 0-1: Ball 1-1: Called Strike 1-2: Foul Ball, location: 2F 1-2: Fly out, F6 (Line Drive, 6M)
|
Batting: LHB Derek Blair
|
0-0: Called Strike 0-1: Ball 1-1: Swinging Strike 1-2: Foul Ball, location: 2F 1-2: Foul Ball, location: 2F 1-2: Strikes out looking
|
Top of the 8th over - 1 run, 1 hit, 0 errors, 0 left on base; Phoenix 3 - Milton 13 |
BOTTOM OF THE 8TH |
Milton Dogfish Head batting - Pitching for Phoenix Hotspur Reserves : LHP Raúl Gonzáles
|
Batting: RHB José Correa
|
0-0: Ball 1-0: Ball 2-0: Ball 3-0: Called Strike 3-1: Ground out 1-3 (Groundball, 13S)
|
Pinch Hitting: RHB Rich Flannery
|
0-0: Foul Ball, location: 2F 0-1: Swinging Strike 0-2: Ball 1-2: Ball 2-2: Strikes out swinging, 2-3 out at first.
|
Pinch Hitting: RHB Bill Tan
|
0-0: Ball 1-0: Ball 2-0: Ground out 5-3 (Groundball, 5)
|
Bottom of the 8th over - 0 runs, 0 hits, 0 errors, 0 left on base; Phoenix 3 - Milton 13 |
TOP OF THE 9TH |
Phoenix Hotspur Reserves batting - Pitching for Milton Dogfish Head : RHP Bobby Irvine
|
Now at 3B: Víctor Robledo
|
|
Now in RF: Bill Tan
|
|
Batting: SHB Roberto López
|
0-0: Ball 1-0: Swinging Strike 1-1: Swinging Strike 1-2: Foul Ball, location: 2F 1-2: Foul Ball, location: 2F 1-2: Ball 2-2: Ball 3-2: Fly out, F9 (Flyball, 9LMF)
|
Batting: RHB Rubén Andrada
|
0-0: Called Strike 0-1: Called Strike 0-2: Ball 1-2: Strikes out swinging, 2-3 out at first.
|
Batting: RHB Julián De Paz
|
0-0: Ground out 5-3 (Groundball, 56S)
|
Top of the 9th over - 0 runs, 0 hits, 0 errors, 0 left on base; Phoenix 3 - Milton 13 |
|